 Dungeon Crawl Stone Soup version 0.28-a0-1412-gf95308ed99 (webtiles) character file.

Game seed: 12501480787724676532

74 siradein the Ducker (level 4, -3/34 HPs)
             Began as a Djinni Gladiator on Jan 7, 2022.
             Slain by a gnoll (4 damage)
             ... on level 2 of the Dungeon.
             The game lasted 00:04:50 (3401 turns).

siradein the Ducker (Djinni Gladiator)              Turns: 3401, Time: 00:04:50

Health: -3/34      AC:  4    Str: 15    XL:     4   Next: 52%
Gold:   55         EV: 13    Int:  9    God:
                   SH:  0    Dex: 15

rFire   + + .      SeeInvis .   n - +0 dagger (vamp)
rCold   x . .      Faith    .   (no shield)
rNeg    . . .      Spirit   .   b - +0 leather armour
rPois   ∞          Reflect  .   c - +0 helmet
rElec   .          Harm     .   (no cloak)
rCorr   .          Rampage  .   (no gloves)
Will    .....                   (boots unavailable)
Stlth   +.........              (no amulet)
HPRegen 0.11/turn               (no ring)
MPRegen 0.00/turn               (no ring)

@: flying
A: sickness immunity, fire resistance 2, cold vulnerability 1, float, innate
caster, hp casting, extra vitality 1
a: no special abilities


You were on level 2 of the Dungeon.
You visited 1 branch of the dungeon, and saw 2 of its levels.

You collected 55 gold pieces.

Inventory:

Hand Weapons
 a - a +0 long sword
 n - a +0 vampiric dagger (weapon)
Missiles
 d - 3 throwing nets
Armour
 b - a +0 leather armour (worn)
 c - a +0 helmet (worn)
Jewellery
 h - an amulet of reflection
Scrolls
 e - a scroll of immolation
 g - 3 scrolls of identify {unknown}
 i - a scroll of fear {unknown}
 j - a scroll of teleportation {unknown}
 m - a scroll of magic mapping {unknown}
Potions
 f - a potion of curing {unknown}
 k - a potion of might {unknown}
 l - a potion of brilliance {unknown}


   Skills:
 + Level 2.6 Fighting
 + Level 3.1 Long Blades
 + Level 2.0 Throwing
 + Level 1.2 Armour
 + Level 3.7 Dodging
 + Level 0.7 Spellcasting


You had 3 spell levels left.
You knew the following spells:

 Your Spells              Type           Power      Damage    Failure   Level
a - Summon Small Mammal   Summ           4%         N/A       34%         1
Your spell library was empty.

Dungeon Overview and Level Annotations

Branches:
Dungeon (2/15)

Altars:


Innate Abilities, Weirdness & Mutations

You are immune to sickness and miasma.
You are immune to poison.
Your flesh is very heat resistant. (rF++)
You are vulnerable to cold. (rC-)
You float through the air rather than walking.
You learn spells naturally, not from books.
Your magical power is your life essence.
You have superior vitality. (+4 MHP)


Message History

You feel a sense of dread.
n - a +0 vampiric dagger (weapon)
The gnoll hits you with a +0 halberd.
You see here a +0 dagger.
You closely miss the gnoll. The gnoll barely misses you.
You closely miss the gnoll. The gnoll closely misses you.
You hit the gnoll.
You feel better.
The gnoll is lightly wounded.
The gnoll barely misses you.
You hit the gnoll.
The gnoll is moderately wounded.
The gnoll closely misses you.
You closely miss the gnoll. Your punch misses the gnoll.
The gnoll is moderately wounded.
The gnoll barely misses you.
You barely miss the gnoll.
The gnoll is moderately wounded.
The gnoll closely misses you.
You barely miss the gnoll.
The gnoll is moderately wounded.
The gnoll hits you with a +0 halberd!
You hit the gnoll but do no damage.
The gnoll is moderately wounded.
The gnoll hits you with a +0 halberd!
* * * LOW HITPOINT WARNING * * *
You are too injured to fight recklessly!
You are too injured to fight recklessly!
You are too injured to fight recklessly!
The gnoll barely misses you.
You see here a +0 dagger.
A gnoll comes into view. It is wielding a +0 whip.
The gnoll shouts! x2
The gnoll completely misses you. x2
The gnoll hits you with a +0 whip.
* * * LOW HITPOINT WARNING * * *
The gnoll barely misses you. The gnoll hits you with a +0 club.
* * * LOW HITPOINT WARNING * * *
The gnoll hits you with a +0 whip.
You die...

....................#####
...............#.###(.g.#######
...............#.##...........#
...............#.##...........#
.###########...#.##.[.........#
.# ##..#.##......g....#
.############..#.##...........###
...............#.##..............
.#############.#@##..............
.#### #..g#<.gg.g......... ....#
########gg##..............
....####.........##########..)...
................>####.........###
....####...........##.........#
....##...........(.##........g#
.........#.###.....##.........#
....##.###[# #.....##.........#


You could see 3 gnolls.

Vanquished Creatures
  Robin (D:2)
  An adder (D:2)
  2 worms (D:2)
  6 ball pythons
  2 endoplasms
  12 goblins
  5 hobgoblins
  2 kobolds
  2 quokkas (D:1)
  4 bats
  3 frilled lizards
  4 rats
44 creatures vanquished.

Notes
Turn   | Place    | Note
-------+----------+-------------------------------------------
     0 | D:1      | siradein the Djinni Gladiator began the quest for the Orb.
     0 | D:1      | Reached XP level 1. HP: 18/18 MP: 0/0
   525 | D:1      | Found a faded altar of an unknown god.
   527 | D:1      | Reached XP level 2. HP: 23/23 MP: 0/0
  1565 | D:1      | Reached XP level 3. HP: 23/28 MP: 0/0
  1565 | D:1      | Learned a level 1 spell: Summon Small Mammal
  2230 | D:2      | Reached skill level 1 in Armour
  2409 | D:2      | Reached XP level 4. HP: 29/34 MP: 0/0
  2437 | D:2      | Noticed Robin
  2547 | D:2      | Killed Robin
  3397 | D:2      | HP: 1/34 [gnoll (2)]
  3401 | D:2      | Slain by a gnoll

Illustrated notes

Levels and vault maps discovered:
D:1:      minmay_arrival_jagged, layout_loops_corners,
          hellmonk_ecumenical_altar_blasted, minmay_pentomino_r4
D:2:      layout_basic, uniq_robin

Skill      XL: |  1  2  3  4 |
---------------+-------------+-----
Armour         | 1 |  1.2
Long Blades    | 3 |  3.1
Throwing       | 2 |  2.0
Fighting       | |  2.6
Dodging        | |  3.7
Spellcasting   | |  0.7

Action                   |  1- 3 |  4- 6 || total
-------------------------+-------+-------++-------
Melee: Long sword        |   106 |    47 ||   153
       Punch             |     2 |     2 ||     4
       Dagger            |       |     8 ||     8
Armor: Leather armour    |    44 |    20 ||    64
Dodge: Dodged            |    74 |    44 ||   118

Table legend: (Time is in decaauts)
 A = Elapsed time spent in this place.
 B = Non-inter-level travel time spent in this place.
 C = Inter-level travel time spent in this place.
 D = Time resting spent in this place.
 E = Time spent auto-exploring this place.
 F = Levels seen in this place.
 G = Mean time per level.
                   A        B        C        D        E       F      G
               +--------+--------+--------+--------+--------+-----+--------+
         Total |   3439 |   3408 |     31 |    551 |   2298 |   2 | 1719.5 |
       Dungeon |   3439 |   3408 |     31 |    551 |   2298 |   2 | 1719.5 |
               +--------+--------+--------+--------+--------+-----+--------+

Top non-repeatable levels by time:
     D:1: 2231 daAuts
     D:2: 1207 daAuts
